 Dungeon Crawl Stone Soup version 0.28-a0-1339-ga5422284a4 (webtiles) character file.

Game seed: 9841342670169499266

158 ryw the Skirmisher (level 4, -1/60 HPs)
             Began as a Demigod Fighter on Dec 29, 2021.
             Succumbed to a water moccasin's poison
             ... on level 4 of the Dungeon.
             The game lasted 00:04:48 (2859 turns).

ryw the Skirmisher (Demigod Fighter)                Turns: 2859, Time: 00:04:49

Health: -1/60      AC:  7    Str: 21    XL:     4   Next: 94%
Magic:  6/6        EV:  9    Int: 10    God:
Gold:   57         SH:  5    Dex: 19    Spells: 3/3 levels left

rFire   . . .      SeeInvis .   a - +0 war axe
rCold   . . .      Faith    .   c - +0 buckler
rNeg    . . .      Spirit   .   b - +0 scale mail
rPois   .          Reflect  .   (no helmet)
rElec   .          Harm     .   l - +0 cloak
rCorr   .          Rampage  .   (no gloves)
Will    .....                   (no boots)
Stlth   ..........              (no amulet)
HPRegen 0.20/turn               j - +6 ring of dexterity
MPRegen 0.10/turn               (no ring)

@: berserking (expiring), lethally poisoned (-1 -> -22), very quick
A: high mp 1, forlorn, divine attributes
a: no special abilities


You were on level 4 of the Dungeon.
You visited 1 branch of the dungeon, and saw 4 of its levels.

You collected 57 gold pieces.

Inventory:

Hand Weapons
 a - a +0 war axe (weapon)
 k - a +3 quarterstaff of chaos
Armour
 b - a +0 scale mail (worn)
 c - a +0 buckler (worn)
 l - a +0 cloak (worn)
 m - an orb of mayhem
Jewellery
 j - a +6 ring of dexterity (left hand)
Scrolls
 i - a scroll of identify
Potions
 d - a potion of invisibility {unknown}
 f - a potion of haste {unknown}
 g - 2 potions of attraction {unknown}
 h - 3 potions of curing {unknown}


   Skills:
 + Level 4.2 Fighting
 + Level 3.6 Axes
 - Level 2.6 Armour
 - Level 2.6 Shields


You had 3 spell levels left.
You didn't know any spells.
Your spell library contained the following spells:

 Spells                   Type           Power      Damage    Failure   Level
 Freeze                   Ice            0%         1d3       77%         1
 Sandblast                Erth           0%         2d4       77%         1
 Frozen Ramparts          Ice            0%         1d2       98%         3
 Hailstorm                Conj/Ice       0%         3d3       100%        4


Dungeon Overview and Level Annotations

Branches:
Dungeon (4/15)
 Temple: D:4-7


Innate Abilities, Weirdness & Mutations

You have an increased reservoir of magic. (+10% MP)
You shall have no god before yourself.
Your divine heritage dramatically boosts your attributes as you level up.


Message History

Unknown command.
A red film seems to cover your vision as you go berserk!
You feel yourself moving faster!
You feel mighty!
You feel sick.
The water moccasin bites you but does no damage.
You closely miss the water moccasin.
You feel sick. You block the water moccasin's attack.
You hit the water moccasin.
The water moccasin is moderately wounded.
You feel sick. The water moccasin bites you.
You are more poisoned.
The water moccasin poisons you! You block the water moccasin's attack.
You miss the water moccasin.
The water moccasin is moderately wounded.
* * * LOW HITPOINT WARNING * * *
You feel very sick. The water moccasin barely misses you.
You slash the water moccasin!
The water moccasin is almost dead.
* * * LOW HITPOINT WARNING * * *
You feel very sick. The water moccasin bites you.
* * * LOW HITPOINT WARNING * * *
You closely miss the water moccasin.
The water moccasin is almost dead.
* * * LOW HITPOINT WARNING * * *
You feel sick. The water moccasin barely misses you.
The water moccasin bites you.
* * * LOW HITPOINT WARNING * * *
Unknown command.
You miss the water moccasin.
The water moccasin is almost dead.
* * * LOW HITPOINT WARNING * * *
You feel sick. The water moccasin bites you.
* * * LOW HITPOINT WARNING * * *
You are more poisoned.
The water moccasin poisons you!
You are too berserk!
You closely miss the water moccasin.
The water moccasin is almost dead.
You die...

#######
#############.....#
#...........#.....#
#...........#.....#
#...........#.....+
#...........#S....#
+######'######'#@....#
.................#+###
......)..........#
............>....#
.........).......#
........)........#
..####'#######+###
..+........#
#........#


You could see a water moccasin.

Vanquished Creatures
  Crazy Yiuf (D:3)
  Natasha (D:2)
  A hound skeleton (D:4)
  2 adders
  2 dart slugs (D:2)
  A worm (D:2)
  4 orcs
  7 ball pythons
  5 bats
  5 endoplasms
  5 giant cockroaches
  4 hobgoblins
  7 kobolds
  4 quokkas
  A frilled lizard (D:1)
  6 goblins
  5 rats
61 creatures vanquished.

Vanquished Creatures (others)
  A fungus (D:2)
  A plant (D:2)
2 creatures vanquished.

Grand Total: 63 creatures vanquished

Notes
Turn   | Place    | Note
-------+----------+-------------------------------------------
     0 | D:1      | ryw the Demigod Fighter began the quest for the Orb.
     0 | D:1      | Reached XP level 1. HP: 18/18 MP: 3/3
   170 | D:1      | Reached skill level 3 in Fighting
   228 | D:1      | Reached XP level 2. HP: 26/26 MP: 4/4
   852 | D:2      | You fall into a shaft and drop 1 floor!
   904 | D:3      | Identified the +8 trident of Inconvenience {pain, rC+ Int+3
                  | Dex+4}
   934 | D:3      | Reached XP level 3. HP: 25/31 MP: 5/5
  1248 | D:2      | Noticed Natasha
  1705 | D:2      | Reached XP level 4. HP: 34/40 MP: 6/6
  1761 | D:2      | Got Plato's Disquisition on the Mountains
  1992 | D:2      | Killed Natasha
  1993 | D:2      | Reached skill level 4 in Fighting
  2348 | D:3      | Found a runed translucent door.
  2349 | D:3      | Noticed Crazy Yiuf
  2583 | D:3      | Killed Crazy Yiuf
  2844 | D:4      | Noticed a water moccasin
  2859 | D:4      | Succumbed to a water moccasin's poison

Illustrated notes

Levels and vault maps discovered:
D:1:      onia_arrival_handbag, layout_rooms
D:2:      layout_rooms, shapermc_ecumenical_altar_rom_forum, uniq_natasha
D:3:      layout_loops_cross, uniq_crazy_yiuf_cottage
D:4:      layout_gridville, temple_fountains, uniq_eustachio

Skill      XL: |  1  2  3  4 |
---------------+-------------+-----
Axes           | 2 3 |  3.6
Fighting       | 3 4 |  4.2
Armour         | |  2.6
Shields        | |  2.6

Action                   |  1- 3 |  4- 6 || total
-------------------------+-------+-------++-------
Melee: War axe           |   146 |    41 ||   187
  Use: Scroll            |     3 |     3 ||     6
       Potion            |       |     2 ||     2
Armor: Scale mail        |    44 |    22 ||    66
Dodge: Dodged            |    82 |    15 ||    97
Block: Buckler           |    34 |    10 ||    44

Table legend: (Time is in decaauts)
 A = Elapsed time spent in this place.
 B = Non-inter-level travel time spent in this place.
 C = Inter-level travel time spent in this place.
 D = Time resting spent in this place.
 E = Time spent auto-exploring this place.
 F = Levels seen in this place.
 G = Mean time per level.
                   A        B        C        D        E       F      G
               +--------+--------+--------+--------+--------+-----+--------+
         Total |   2939 |   2752 |    187 |    313 |   1940 |   4 |  734.8 |
       Dungeon |   2939 |   2752 |    187 |    313 |   1940 |   4 |  734.8 |
               +--------+--------+--------+--------+--------+-----+--------+

Top non-repeatable levels by time:
     D:3: 1312 daAuts
     D:1: 884 daAuts
     D:2: 628 daAuts
     D:4: 114 daAuts
